[Event "V Sunway Sitges Open 2018"]
[Site "Sitges"]
[Date "2018.12.23"]
[Round "10"]
[White "Walter Travella, German"]
[Black "Gonzalez Pabollet, Jesus Maria S"]
[Result "1/2-1/2"]
[ECO "B40"]
[WhiteElo "1917"]
[BlackElo "1815"]
[Annotator "NA RC"]
[PlyCount "70"]
[EventDate "2018.12.14"]
[EventType "swiss"]
[EventCountry "ESP"]
[SourceTitle "playchess.com"]
[Source "ChessBase"]
[SourceQuality "1"]
[TimeControl "40/5400+30:1800+30"]

1. e4 c5 2. Nf3 e6 3. d4 cxd4 4. Nxd4 Nf6 5. Nc3 Nc6 6. Be2 a6 (6... Bb4 $11) 7. O-O ({White should play} 7. Nxc6 $16 bxc6 8. e5) 7... Be7 {[%emt 0:04:18] LiveBook: 3 Games B46: Sicilian: Taimanov: 5 Nc3 a6} (7... Qc7 $11 {keeps the balance.}) (7... d6 8. Be3 Be7 9. f4 O-O 10. Qe1 Nxd4 11. Bxd4 b5 12. a3 Bb7 13. Qg3 Bc6 14. Kh1 Qc7 15. Rae1 Rac8 16. e5 dxe5 17. Bxe5 Qb7 18. f5 a5 19. fxe6 fxe6 20. Bd3 Rf7 21. Qh3 b4 22. axb4 axb4 23. Ne2 {½-½ (45) Kulaots,K (2590)-Ladva,O (2517) Tallinn 2018}) 8. Nxc6 dxc6 9. Qxd8+ Bxd8 10. Bg5 $146 (10. e5 $16 Nd7 11. f4) ({Predecessor:} 10. Bf4 b6 11. Rad1 Ra7 12. Rd2 Rd7 13. Rfd1 Rxd2 14. Rxd2 Nd7 15. f3 {1-0 (43) Komysheva,M (2050)-Zdrazil,B (1907) Olomouc 2013}) 10... h6 11. Be3 Bc7 12. f4 O-O 13. g4 b6 14. Rad1 e5 15. f5 b5 16. Bc5 Re8 17. Bf3 $14 Nd7 18. Be3 Nb6 19. b3 Bb7 20. Kg2 Rad8 21. h4 Rxd1 22. Rxd1 Rd8 23. f6 Rxd1 24. Nxd1 Nd7 25. fxg7 Kxg7 26. g5 hxg5 27. Bxg5 f6 28. Bd2 Nf8 29. Ne3 Ng6 30. Nf5+ Kh7 31. h5 Nf4+ 32. Bxf4 exf4 33. Nd4 Be5 34. Ne6 Bc8 35. Bg4 Bxe6 1/2-1/2

[Event "V Sunway Sitges Open 2018"]
[Site "Sitges"]
[Date "2018.12.23"]
[Round "10"]
[White "Garcia Punzano, Josep Lluis"]
[Black "Isaksson, Philip"]
[Result "0-1"]
[ECO "E06"]
[WhiteElo "1759"]
[BlackElo "1459"]
[Annotator "NA RC"]
[PlyCount "81"]
[EventDate "2018.12.14"]
[EventType "swiss"]
[EventCountry "ESP"]
[SourceTitle "playchess.com"]
[Source "ChessBase"]
[SourceQuality "1"]
[TimeControl "40/5400+30:1800+30"]

1. d4 d5 2. c4 e6 3. g3 Be7 4. Bg2 Nf6 5. Nf3 O-O 6. Qc2 h6 7. O-O c6 8. Nbd2 b6 9. e4 dxe4 10. Nxe4 Nxe4 11. Qxe4 Bb7 12. Ne5 Bf6 13. Be3 Bxe5 14. dxe5 Qc7 15. Rad1 Na6 16. h4 Rab8 17. Qg4 Kh8 18. Qh5 c5 19. Bxb7 Qxb7 20. Bg5 Kg8 21. Bf4 Rfd8 22. Rd6 Nb4 23. Rfd1 Qe7 24. Qg4 Kh8 25. Qe2 Qc7 26. a3 Nc6 27. g4 Nd4 28. Qe3 Kg8 29. h5 Rbc8 30. Qe4 Qe7 31. Be3 Rxd6 32. exd6 Qxd6 33. Bxd4 cxd4 34. Rxd4 Qc7 35. b4 e5 36. Rd5 Qxc4 37. Rd8+ Rxd8 38. Qxc4 Rd4 39. Qc7 Rxg4+ 40. Kf1 Rh4 41. Qd8+ 0-1

[Event "V Sunway Sitges Open 2018"]
[Site "Sitges"]
[Date "2018.12.23"]
[Round "10"]
[White "Isaksson, Max"]
[Black "Taylor, Robert Graham"]
[Result "1/2-1/2"]
[ECO "B08"]
[WhiteElo "1409"]
[BlackElo "1831"]
[Annotator "NA RC"]
[PlyCount "47"]
[EventDate "2018.12.14"]
[EventType "swiss"]
[EventCountry "ESP"]
[SourceTitle "playchess.com"]
[Source "ChessBase"]
[SourceQuality "1"]
[TimeControl "40/5400+30:1800+30"]

1. e4 Nf6 2. Nc3 d6 3. d4 g6 4. h3 Bg7 5. Nf3 O-O 6. Be2 c6 7. a4 Nbd7 8. O-O e5 9. dxe5 dxe5 10. Be3 Qc7 11. Bc4 {[%emt 0:01:57] LiveBook: 41 Games} h6 {[%emt 0:05:49] B08: Pirc Defence: Classical System} (11... b6 12. Qd2 Bb7 13. Rfd1 a6 14. Qd6 Rac8 15. g4 b5 16. Bb3 Qxd6 17. Rxd6 Nb8 18. Bc5 b4 19. Bxb4 c5 20. Ba3 Nxe4 21. Nxe4 Bxe4 {1-0 (65) Bellia,F (2432)-Rotstein,A (2495) Forni di Sopra 2017}) 12. Qe2 Kh7 13. Rfd1 Nh5 14. Bb3 $146 ({Predecessor:} 14. g3 Qa5 15. Kh2 Nc5 16. Nd2 Ne6 17. Nb3 Qc7 18. a5 {0-1 (29) Neumann,A (2210)-Geyer,B (2090) Germany 2000}) 14... Nf4 15. Qd2 g5 16. Qd6 Qxd6 17. Rxd6 Ng6 18. Rad1 Nf6 19. Bc5 g4 20. hxg4 Bxg4 21. Rxf6 $11 (21. R6d3 $16) 21... Bxf6 22. Bxf8 Rxf8 23. Rd6 Be7 24. Rd2 1/2-1/2

[Event "V Sunway Sitges Open 2018"]
[Site "Sitges"]
[Date "2018.12.23"]
[Round "10"]
[White "Anirudh Daga"]
[Black "Ribon Calabia, Mariano"]
[Result "0-1"]
[ECO "B34"]
[WhiteElo "1356"]
[BlackElo "1726"]
[Annotator "NA RC"]
[PlyCount "118"]
[EventDate "2018.12.14"]
[EventType "swiss"]
[EventCountry "ESP"]
[SourceTitle "playchess.com"]
[Source "ChessBase"]
[SourceQuality "1"]
[TimeControl "40/5400+30:1800+30"]

1. e4 c5 2. Nf3 Nc6 3. d4 cxd4 4. Nxd4 Nf6 5. Nc3 e5 6. Ndb5 d6 7. Bg5 a6 8. Bxf6 gxf6 9. Na3 f5 10. Bd3 f4 11. Nd5 Be6 12. c3 Bg7 13. Nc2 O-O 14. Qe2 Bh6 15. f3 Kh8 16. O-O-O b5 17. Kb1 Na5 18. g3 Rg8 19. g4 Bg5 20. h4 Be7 21. Ncb4 Bf8 22. g5 Be7 23. Nxe7 Qxe7 24. Nd5 Qd8 25. Nf6 Rg6 26. Rdg1 Nc4 27. h5 Rxf6 28. gxf6 Qxf6 29. Bxc4 Bxc4 30. Qg2 d5 31. exd5 Bxd5 32. Rh2 a5 33. Qg5 Qxg5 34. Rxg5 f6 35. Rg1 Bxf3 36. Rf1 Be4+ 37. Kc1 Rc8 38. h6 Kg8 39. Rg1+ Bg6 40. Rd2 b4 41. Rd7 bxc3 42. bxc3 Rxc3+ 43. Kd2 Rc2+ 44. Kd1 Rxa2 45. Rg7+ Kh8 46. Rc7 Kg8 47. Rg7+ Kf8 48. R7xg6 hxg6 49. h7 Kg7 50. Rxg6+ Kxh7 51. Rxf6 Ra4 52. Re6 Re4 53. Ra6 a4 54. Kd2 Kg7 55. Kd3 Re3+ 56. Kd2 a3 57. Kd1 f3 58. Kd2 Re2+ 59. Kc1 f2 0-1